 Dungeon Crawl Stone Soup version 0.17-b1-20-g63edfd6 (webtiles) character file.

12067 hexophile the Cleaver (level 11, -3/97 HPs)
             Began as a Centaur Fighter on Nov 4, 2015.
             Was an Elder of Okawaru.
             Slain by a komodo dragon (18 damage)
             ... on level 3 of the Lair of Beasts.
             The game lasted 00:19:47 (12111 turns).

hexophile the Cleaver (Centaur Fighter)            Turns: 12111, Time: 00:19:47

Health: -3/97      AC: 14    Str: 24      XL:     11   Next: 57%
Magic:  14/16      EV:  6    Int:  5      God:    Okawaru [****..]
Gold:   423        SH:  0    Dex:  7 (9)  Spells: 0 memorised, 10 levels left

rFire  + . .     SeeInvis +     w - +2 war axe (elec)
rCold  . . .     Clarity  .     B - +0 plate armour
rNeg   + . .     SustAt   .     (no shield)
rPois  .         Gourm    .     L - +0 hat {SInv} {SInv}
rElec  .         Spirit   .     c - +1 cloak
rCorr  .         Warding  +     y - +0 pair of gloves
rMut   .         Stasis   .     (no barding)
MR     +....                    Q - amulet of warding {Ward rN+}
Stlth  ..........               z - ring of protection from magic {MR+}
                                D - ring of protection from fire {rF+}

@: lethally poisoned (-3 -> -17), heroism, very quick, somewhat resistant to
hostile enchantments, extremely unstealthy
A: hooves 3, deformed body, dopey 1, speed 2, slow regeneration 1, spit poison
1, strong 1, tough skin 3
a: Spit Poison, Heroism, Renounce Religion


You were on level 3 of the Lair of Beasts.
You worshipped Okawaru.
Okawaru was greatly pleased with you.
You were not hungry.

You visited 3 branches of the dungeon, and saw 14 of its levels.

You collected 715 gold pieces.
You spent 292 gold pieces at shops.


Innate Abilities, Weirdness & Mutations

You have hooves in place of feet.
Armour fits poorly on your strangely shaped body.
You cover ground very quickly.
You have extremely tough skin (AC +3).
You are dopey. (Int -2)
You regenerate slowly when monsters are visible.
You can spit weak poison.
Your muscles are strong. (Str +2)

Inventory:

Hand Weapons
 e - a +2 dire flail of protection
 q - a +3 battleaxe
 w - a +2 war axe of electrocution (weapon)
Missiles
 f - 86 poisoned needles
 I - 5 curare-tipped needles
Armour
 c - a +1 cloak (worn)
 y - a +0 pair of gloves (worn)
 B - a +0 plate armour (worn)
 L - a +0 hat of see invisible (worn) {SInv}
Jewellery
 i - an uncursed ring of see invisible {SInv}
 n - an uncursed ring of flight {+Fly}
 t - an uncursed ring of magical power {MP+9}
 z - a ring of protection from magic (right hand) {MR+}
 D - a ring of protection from fire (left hand) {rF+}
 Q - an amulet of warding (around neck) {Ward rN+}
Wands
 a - a wand of confusion (38)
 b - a wand of paralysis (8)
 j - a wand of lightning (2)
 k - a wand of random effects (14)
 G - a wand of cold (7)
Scrolls
 d - 3 scrolls of enchant armour
 l - a scroll of recharging
 m - 2 scrolls of fear
 o - 3 scrolls of identify
 r - 3 scrolls of remove curse
 C - a scroll of teleportation
 E - a scroll of enchant weapon
 J - a scroll of blinking
 O - a scroll of fog
Potions
 p - 2 potions of curing
 x - a potion of beneficial mutation {!q}
Miscellaneous
 v - a disc of storms
Comestibles
 g - 6 chunks of flesh
 h - 7 meat rations
 s - 7 slices of pizza
 A - 4 bread rations
 M - 21 fruits


You had 10 spell levels left.
You didn't know any spells.


   Skills:
 * Level 9.5(14.5) Fighting
 * Level 13.2(18.2) Axes
 - Level 2.1(7.1) Armour
   Level 2.1(7.1) Shields
 - Level 7.8 Invocations

Dungeon Overview and Level Annotations

Branches:
Dungeon (10/15)            Temple (1/1) D:5            Lair (3/8) D:8
  Swamp: Lair:3-6    Shoals: Lair:3-6     Snake: Lair:3-6    Spider: Lair:3-6
    Orc: D:9-12

Altars:
Ashenzari
Cheibriados
Dithmenos
Elyvilon
Gozag
Makhleb
Nemelex Xobeh
Okawaru
Qazlal
Ru
Sif Muna
Trog
Vehumet
Xom
Yredelemnul
Zin
The Shining One

Shops:
D:4 %   D:5 (   D:6 *   D:7 *

Annotations:
D:4 exclusion: downstairs
Lair:2 Nergalle

Vault maps used:
D:1:      minmay_arrival_doors
D:2:      nicolae_gozag_cash_rules_everything_around_me,
          nicolae_tso_carved_into_rock
D:3:      grunt_ministairs_12, minmay_misc_feat_more_columns,
          uniq_crazy_yiuf_cottage
D:4:      vehumet_crystals, serial_shops, nicolae_shop_waterfront, first_bread,
          ashenzari_altar_1
D:5:      grunt_temple_overflow_growth_and_decay,
          minmay_temple_entry_steel_oval, serial_shops, shop_fountains,
          st_stairs_14, uniq_grinder, uniq_pikel
D:6:      wad_river_or_something, lemuel_crystal_altar,
          nicolae_overflow_crystal_walls, serial_shops, nicolae_shop_crystal
D:7:      serial_shops, shop, grunt_potential
D:8:      kennysheep_mini, due_lair_maze_entry_diamond
D:9:      uniq_joseph, uniq_prince_ribbit1
D:10:     hangedman_ranch, spider_trap
Temple:   nicolae_temple_no_exploring_needed
Lair:1:   lemuel_fruit_tree, grunt_megastairs_3, serial_bayou_shore_b,
          serial_bayou_shore_a, uniq_gastronok
Lair:2:   forest_paths, serial_bayou_shore_b, uniq_nergalle, uniq_fannar
Lair:3:   cheibrodos_lair_reptile_den
You       could see a komodo dragon.


Message History

* * * LOW HITPOINT WARNING * * *
You see here a black mamba corpse.
There is a stone staircase leading down here.
The spectral orc warrior hits you but does no damage. x2
You climb downwards.
A komodo dragon and a black mamba come into view.
The komodo dragon hisses angrily.
There is a stone staircase leading up here.
You feel more confident with your borrowed prowess.
You feel slightly more hungry.
The komodo dragon hisses menacingly.
The komodo dragon bites you!
* * * LOW HITPOINT WARNING * * *
You slash the komodo dragon!
The komodo dragon is heavily wounded.
You miss the black mamba. You hit the fungus.
The fungus is lightly damaged.
The black mamba bites you.
* * * LOW HITPOINT WARNING * * *
You are poisoned.
The black mamba poisons you!
The komodo dragon bites you but does no damage.
You hit the komodo dragon but do no damage.
You kick the komodo dragon, but do no damage.
The komodo dragon is heavily wounded.
You slash the black mamba!
There is a sudden explosion of sparks!
The black mamba is moderately wounded.
You hit the fungus.
The fungus is lightly damaged.
* * * LOW HITPOINT WARNING * * *
You feel sick. The black mamba completely misses you.
Unknown command.
You hit the komodo dragon.
You kick the komodo dragon, but do no damage.
The komodo dragon is heavily wounded.
You slash the black mamba!
There is a sudden explosion of sparks!
You kill the black mamba!
Okawaru is honoured by your kill.
You slash the fungus!
The fungus is moderately damaged.
* * * LOW HITPOINT WARNING * * *
You feel sick.
The komodo dragon bites you but does no damage.
You hit the komodo dragon but do no damage.
The komodo dragon is heavily wounded.
You hit the fungus but do no damage.
The fungus is moderately damaged.
* * * LOW HITPOINT WARNING * * *
You feel sick. The komodo dragon bites you!!
You die...

Action                   |  1- 3 |  4- 6 |  7- 9 | 10-12 || total
-------------------------+-------+-------+-------+-------++-------
Melee: War axe           |   108 |   125 |   279 |   301 ||   813
       Dire flail        |       |       |       |    12 ||    12
Throw: Throwing net      |       |       |     5 |     1 ||     6
Invok: Heroism           |       |       |     7 |    12 ||    19
       Finesse           |       |       |       |     1 ||     1
 Abil: Spit Poison       |       |       |     3 |     2 ||     5
Evoke: Wand              |       |       |    10 |     2 ||    12
  Use: Potion            |     3 |     3 |     7 |     8 ||    21
       Scroll            |       |     7 |    11 |     4 ||    22
 Stab: Confused          |       |       |     4 |       ||     4
       Held in net/web   |       |       |     1 |     1 ||     2
       Invisible         |       |       |       |     1 ||     1
  Eat: Fruit             |     3 |       |       |       ||     3
       Chunk             |       |     4 |     8 |     7 ||    19
       Bread ration      |       |       |     1 |       ||     1
       Pizza             |       |       |       |     2 ||     2
       Royal jelly       |       |       |       |     1 ||     1
       Beef jerky        |       |       |       |     1 ||     1

Notes
Turn   | Place    | Note
--------------------------------------------------------------
     0 | D:1      | hexophile the Centaur Fighter began the quest for the Orb.
     0 | D:1      | Reached XP level 1. HP: 19/19 MP: 1/1
    87 | D:1      | Reached skill level 2 in Axes
   263 | D:1      | Reached XP level 2. HP: 26/26 MP: 2/2
   329 | D:1      | Reached skill level 3 in Axes
   706 | D:2      | Reached XP level 3. HP: 8/31 MP: 3/3
   993 | D:2      | Found an opulent altar of Gozag.
  1081 | D:2      | Found a glowing golden altar of the Shining One.
  1802 | D:3      | Noticed Crazy Yiuf
  1807 | D:3      | Killed Crazy Yiuf
  1807 | D:3      | Reached skill level 4 in Axes
  1807 | D:3      | Reached XP level 4. HP: 38/38 MP: 4/4
  2325 | D:4      | Reached skill level 5 in Axes
  2325 | D:4      | Reached XP level 5. HP: 13/45 MP: 5/5
  2652 | D:4      | Found a shattered altar of Ashenzari.
  2707 | D:4      | Found Riasatt's Food Boutique.
  2801 | D:4      | Reached XP level 6. HP: 43/51 MP: 6/6
  2857 | D:4      | Reached skill level 6 in Axes
  2860 | D:4      | Found a radiant altar of Vehumet.
  3456 | D:5      | Entered Level 5 of the Dungeon
  3505 | D:5      | Noticed Grinder
  3562 | D:5      | Found Ylui's Antique Weapon Boutique.
  3567 | D:5      | Bought a runed war axe for 122 gold pieces
  3612 | D:5      | Found a staircase to the Ecumenical Temple.
  3663 | D:5      | Reached skill level 7 in Axes
  3663 | D:5      | Reached XP level 7. HP: 19/57 MP: 7/7
  3723 | Temple   | Entered the Ecumenical Temple
  3902 | Temple   | Became a worshipper of Warmaster Okawaru
  3951 | D:5      | Killed Grinder
  4092 | D:5      | Reached skill level 8 in Axes
  4538 | D:6      | Found a burning altar of Makhleb.
  4625 | D:6      | Gained mutation: You can spit weak poison. [potion of beneficial mutation]
  4782 | D:6      | Reached XP level 8. HP: 55/66 MP: 8/8
  4841 | D:6      | Found Idghourch's Assorted Antiques.
  4853 | D:6      | Bought a scroll labeled FEISASE OBATADGHITH for 26 gold pieces
  4853 | D:6      | Bought a scroll labeled TAXAENOJIU for 26 gold pieces
  4853 | D:6      | Bought a scroll labeled UHONANNAUXU for 26 gold pieces
  5124 | D:6      | Reached skill level 4 in Fighting
  5134 | D:6      | Found a white marble altar of Elyvilon.
  5205 | D:6      | Reached skill level 9 in Axes
  5273 | D:6      | Reached * piety under Okawaru
  5316 | D:6      | Reached skill level 1 in Invocations
  5317 | D:6      | Reached skill level 2 in Invocations
  5509 | D:6      | Reached skill level 3 in Invocations
  6020 | D:7      | Reached skill level 4 in Invocations
  6065 | D:7      | Reached XP level 9. HP: 69/71 MP: 12/12
  6163 | D:7      | Reached skill level 10 in Axes
  6406 | D:7      | Found Juca's Assorted Antiques.
  6427 | D:7      | Bought a scroll labeled CILIRCHOISS for 32 gold pieces
  6427 | D:7      | Bought a scroll labeled XAPTURCH JUIRPH for 32 gold pieces
  6427 | D:7      | Bought a cyan potion for 28 gold pieces
  6489 | D:7      | Reached skill level 5 in Invocations
  6493 | D:7      | Reached ** piety under Okawaru
  6999 | D:7      | Reached skill level 6 in Invocations
  7341 | D:8      | Found a staircase to the Lair.
  7351 | D:8      | Reached skill level 7 in Invocations
  7602 | D:8      | Reached skill level 11 in Axes
  7784 | D:8      | Found a shadowy altar of Dithmenos.
  7928 | D:8      | Reached XP level 10. HP: 79/79 MP: 12/15
  8181 | D:9      | Noticed Prince Ribbit
  8193 | D:9      | Killed Prince Ribbit
  8218 | D:9      | Reached *** piety under Okawaru
  8298 | D:9      | Reached skill level 5 in Fighting
  8373 | D:9      | Noticed Joseph
  8387 | D:9      | Killed Joseph
  8992 | D:10     | Entered Level 10 of the Dungeon
  9039 | D:10     | Reached skill level 6 in Fighting
  9378 | D:10     | Noticed a three-headed hydra
  9390 | D:10     | Killed a three-headed hydra
  9390 | D:10     | Reached **** piety under Okawaru
  9390 | D:10     | Reached skill level 7 in Fighting
  9390 | D:10     | Reached skill level 12 in Axes
 10114 | Lair:1   | Entered Level 1 of the Lair of Beasts
 10184 | Lair:1   | Noticed Gastronok
 10203 | Lair:1   | Killed Gastronok
 10203 | Lair:1   | Reached ***** piety under Okawaru
 10203 | Lair:1   | Reached skill level 8 in Fighting
 10203 | Lair:1   | Reached XP level 11. HP: 82/94 MP: 14/16
 10597 | Lair:1   | Received a gift from Okawaru
 11418 | Lair:1   | Gained mutation: Your muscles are strong. (Str +2) [potion of mutation]
 11418 | Lair:1   | Gained mutation: You are dopey. (Int -2) [potion of mutation]
 11418 | Lair:1   | Gained mutation: You regenerate slowly when monsters are visible. [potion of mutation]
 11856 | Lair:2   | Reached skill level 9 in Fighting
 11856 | Lair:2   | Reached skill level 13 in Axes
 11884 | Lair:2   | Noticed Fannar
 11900 | Lair:2   | Killed Fannar
 12023 | Lair:2   | Noticed Nergalle
 12051 | Lair:2   | Noticed a spectral orc warlord
 12111 | Lair:3   | Slain by a komodo dragon

Table legend:
 A = Turns spent in this place as a percentage of turns spent in the entire game.
 B = Non-inter-level travel turns spent in this place as a percentage of non-inter-level travel turns spent in the entire game.
 C = Inter-level travel turns spent in this place as a percentage of turns spent in this place.
 D = Turns resting spent in this place as a percentage of non-inter-level travel turns spent in this place.
 E = Turns spent auto-exploring this place as a percentage of non-inter-level travel turns spent in this place.
 F = Non-inter-level travel turns spent in this place divided by the number of levels of this place that you've seen.
                   A       B       C       D       E      F
               +-------+-------+-------+-------+-------+----------------------
         Total | 100.0 | 100.0 |   0.4 |   3.2 |  10.6 | 240.6
       Dungeon |  83.3 |  83.3 |   0.4 |   2.7 |  11.1 | 280.4
        Temple |   0.5 |   0.5 |   0.0 |  11.8 |   0.0 |  17.0
          Lair |  16.2 |  16.2 |   0.4 |   5.7 |   8.2 | 182.3
               +-------+-------+-------+-------+-------+----------------------

Table legend:
 A = Kills in this place as a percentage of kills in entire the game.
 B = Kills by you in this place as a percentage of kills by you in the entire game.
 C = Kills by friends in this place as a percentage of kills by friends in the entire game.
 D = Other kills in this place as a percentage of other kills in the entire game.
 E = Experience gained in this place as a percentage of experience gained in the entire game.
 F = Experience gained in this place divided by the number of levels of this place that you have seen.
                   A       B       C       D       E      F
               +-------+-------+-------+-------+-------+----------------------
         Total | 100.0 | 100.0 |  -nan | 100.0 | 100.0 | 1231.4
       Dungeon |  86.5 |  86.3 |  -nan | 100.0 |  59.8 | 1030.6
          Lair |  13.5 |  13.7 |  -nan |   0.0 |  40.2 | 2311.0
               +-------+-------+-------+-------+-------+----------------------

Vanquished Creatures
  Gastronok (Lair:1)
  Fannar (Lair:2)
  A hydra (D:10)
  2 black mambas
  Joseph (D:9)
  A spiny frog (Lair:1)
  A komodo dragon (Lair:2)
  Grinder (D:5)
  Prince Ribbit (D:9)
  2 wyverns
  2 yaks (D:10)
  3 water moccasins
  3 ice beasts
  A black bear (D:9)
  4 orc warriors
  5 porcupines
  A phantom (D:6)
  3 centaurs
  An ogre (D:7)
  2 sky beasts
  5 crocodiles
  5 giant frogs
  3 big kobolds (D:10)
  A wyvern zombie (D:8)
  12 killer bees
  5 scorpions
  2 electric eels
  11 wights
  6 crimson imps
  3 centaur zombies
  A jelly (D:7)
  A quasit (D:6)
  3 centaur skeletons
  4 hounds
  Crazy Yiuf (D:3)
  5 orc priests
  6 iguanas
  A giant frog skeleton (D:6)
  5 worker ants
  A gnoll shaman (D:7)
  11 orc wizards
  2 killer bee zombies
  10 sheep
  A hound zombie (D:7)
  2 hound skeletons (D:4)
  9 adders
  7 gnolls
  11 river rats
  2 shadow imps (D:7)
  An adder zombie (D:6)
  5 giant geckos
  45 orcs
  4 ball pythons
  9 bats
  8 giant cockroaches
  2 hobgoblins
  11 jackals
  7 quokkas
  3 giant newts
  3 goblins
  12 kobolds
  A quokka zombie (D:5)
  7 rats
  2 fungi
  3 plants
296 creatures vanquished.

Vanquished Creatures (others)
  An ice beast (D:7)
  A big kobold (D:7)
  An iguana (D:7)
  An orc wizard (D:6)
  A worker ant zombie (D:6)
  An orc (D:6)
  4 fungi
  2 plants
12 creatures vanquished.

Grand Total: 308 creatures vanquished
